 Dungeon Crawl Stone Soup version 0.17.0-24-gcfadda4 (webtiles) character file.

1565 Ijustatesigmund the Conjurer (level 8, 0/61 HPs)
             Began as a Demonspawn Wizard on Nov 16, 2015.
             Slain by an ogre
             ... wielding a +0 giant club
              (21 damage)
             ... on level 7 of the Dungeon.
             The game lasted 00:34:23 (9689 turns).

Ijustatesigmund the Conjurer (Demonspawn Wizard)    Turns: 9689, Time: 00:34:23

Health: 0/61       AC:  8    Str:  7    XL:     8   Next: 59%
Magic:  14/23      EV: 12    Int: 26    God:
Gold:   82         SH:  3    Dex: 13    Spells: 4 memorised, 7 levels left

rFire  . . .     SeeInvis .     j - +2 short sword (speed)
rCold  . . .     Clarity  .     a - +0 robe
rNeg   + + .     SustAt   .     (no shield)
rPois  .         Gourm    .     b - +0 hat
rElec  .         Spirit   .     z - +0 cloak of Follow the Leader {rN+ MP+9}
rCorr  .         Warding  +     (no gloves)
rMut   .         Stasis   .     E - +1 pair of boots
MR     .....                    l - amulet of warding
Stlth  ++++......               h - +5 ring of slaying
                                e - +5 ring of intelligence

@: very slightly contaminated, repel missiles, not resistant to hostile
enchantments, stealthy
A: claws 1, large bone plates 2, nightstalker 2, wild magic 1
a: no special abilities


You were on level 7 of the Dungeon.
You were not hungry.

You visited 1 branch of the dungeon, and saw 7 of its levels.

You collected 306 gold pieces.
You spent 224 gold pieces at shops.

Inventory:

Hand Weapons
 f - a +2 dagger
 j - a +2 short sword of speed (weapon)
 q - a +1 dagger of pain
 C - a +0 dagger of venom
Missiles
 s - 8 needles of confusion
Armour
 a - a +0 robe (worn)
 b - a +0 hat (worn)
 g - a +2 cloak
 z - the +0 cloak of Follow the Leader (worn) {rN+ MP+9}
   (You found it on level 5 of the Dungeon)

   It protects you from negative energy.
   It affects your magic capacity (+9).
 E - a +1 pair of boots (worn)
Jewellery
 e - a +5 ring of intelligence (left claw)
 h - a +5 ring of slaying (right claw)
 l - an amulet of warding (around neck)
 m - an uncursed amulet of stasis {unknown}
 p - an uncursed ring of poison resistance {unknown}
 x - an uncursed ring of fire {unknown}
 F - an uncursed ring of stealth {unknown}
Wands
 k - a wand of digging (14)
 r - a wand of polymorph (19)
 B - a wand of digging (15)
 D - a wand of lightning (3)
Scrolls
 n - a scroll of recharging
 o - 2 scrolls of enchant armour
 t - a scroll of fog
 v - a scroll of fear
 w - a scroll of amnesia
 y - a scroll of immolation
 G - 4 scrolls of remove curse
 I - a scroll of teleportation
Potions
 i - 7 potions of curing
 u - a potion of mutation
 H - a potion of berserk rage
 J - a potion of experience {unknown}
 K - a potion of heal wounds
 L - a potion of agility
 M - a potion of brilliance
Books
 c - a book of Minor Magic

   Spells                             Type                      Level
   a - Magic Dart                     Conjuration                  1
   b - Blink                          Translocation                2
   c - Call Imp                       Summoning                    2
   d - Repel Missiles                 Charms/Air                   2
   e - Slow                           Hexes                        2
   f - Conjure Flame                  Conjuration/Fire             3
   g - Mephitic Cloud                 Conjuration/Poison/Air       3
Comestibles
 d - 6 bread rations
 A - 2 meat rations


   Skills:
 + Level 4.3 Fighting
 - Level 2.2 Short Blades
 - Level 2.2 Dodging
 + Level 4.0 Stealth
 - Level 4.0 Spellcasting
 - Level 5.0 Conjurations
   Level 1.0 Summonings
 - Level 3.0 Translocations
 - Level 3.3 Air Magic
 - Level 3.0 Poison Magic


You had 7 spell levels left.
You knew the following spells:

 Your Spells              Type           Power        Failure   Level  Hunger
a - Magic Dart            Conj           ####         3%          1    None
b - Blink                 Tloc           N/A          9%          2    None
c - Repel Missiles        Chrm/Air       ###...       19%         2    None
d - Mephitic Cloud        Conj/Pois/Air  #####...     16%         3    ##.....


Dungeon Overview and Level Annotations

Branches:
Dungeon (7/15)
 Temple: D:4-7

Altars:
Cheibriados
Elyvilon
Fedhas
Kikubaaqudgha
Sif Muna
Vehumet
Xom
Yredelemnul
Zin

Shops:
D:7 ![


Innate Abilities, Weirdness & Mutations

You have sharp fingernails.
You are mostly covered in large bone plates (AC +3, SH +3).
You are significantly more attuned to the shadows.
Your spells are a little harder to cast, but a little more powerful.


Message History

The big kobold is lightly wounded.
The ogre hits you with a giant club!! The big kobold misses you.
Casting: Magic Dart
Confirm with . or Enter, or press ? or * to list all spells.
Aiming: Magic Dart
Press: ? - help, Shift-Dir - straight line, f/p - big kobold
Aim: a big kobold (lightly wounded)
The magic dart hits the big kobold.
The big kobold is lightly wounded.
The ogre hits you with a giant club!!
The big kobold hits you but does no damage.
Casting: Magic Dart
Confirm with . or Enter, or press ? or * to list all spells.
Aiming: Magic Dart
Press: ? - help, Shift-Dir - straight line, f/p - big kobold
Aim: a big kobold (lightly wounded)
The magic dart hits the big kobold.
The big kobold is moderately wounded.
The big kobold hits you. The ogre hits you with a giant club!!
You die...

#######.##.##
#.#...##
#...#..#
#..##..#
######.####
#.....##
##.#...#
####..##
##@.# #OK#
##..> #..#
'## ..


You could see a big kobold and an ogre.

Vanquished Creatures
  2 sky beasts (D:5)
  2 ogres (D:4)
  A phantom (D:5)
  A centaur (D:7)
  A giant frog (D:6)
  3 scorpions
  A water moccasin skeleton (D:5)
  2 crimson imps (D:6)
  A hound (D:4)
  A giant frog zombie (D:6)
  3 orc priests
  A gnoll shaman (D:5)
  5 worker ants
  An orc wizard (D:4)
  Natasha (thrice) (D:2)
  2 iguanas
  A killer bee zombie (D:7)
  A hound zombie (D:5)
  A worker ant zombie (D:6)
  5 gnolls (D:5)
  2 shadow imps
  8 adders
  An ooze (D:2)
  An adder skeleton (D:1)
  3 worms
  17 orcs
  2 ball pythons
  7 giant cockroaches
  9 goblins
  8 hobgoblins
  7 jackals
  2 quokkas
  4 bats
  2 giant geckos
  5 giant newts
  A jackal skeleton (D:6)
  6 kobolds
  5 rats
128 creatures vanquished.

Notes
Turn   | Place    | Note
--------------------------------------------------------------
     0 | D:1      | Ijustatesigmund the Demonspawn Wizard began the quest for the Orb.
     0 | D:1      | Reached XP level 1. HP: 13/13 MP: 4/4
   662 | D:1      | Gained mutation: Your spells are a little harder to cast, but a little more powerful. [potion of beneficial mutation]
   663 | D:1      | Gained mutation: You are slightly more attuned to the shadows. [demonic ancestry]
   663 | D:1      | Reached XP level 2. HP: 2/19 MP: 6/6
  1075 | D:1      | Learned a level 2 spell: Blink
  1078 | D:1      | Learned a level 2 spell: Repel Missiles
  1094 | D:1      | Reached skill level 1 in Translocations
  1790 | D:1      | Gained mutation: You are significantly more attuned to the shadows. [demonic ancestry]
  1790 | D:1      | Reached XP level 3. HP: 24/24 MP: 2/7
  2361 | D:2      | Noticed Natasha
  2485 | D:2      | Found a deep blue altar of Sif Muna.
  2485 | D:2      | Found a shimmering altar of Xom.
  2634 | D:2      | Killed Natasha
  2634 | D:2      | Reached skill level 1 in Short Blades
  2634 | D:2      | Reached XP level 4. HP: 23/30 MP: 2/8
  2656 | D:2      | Noticed Natasha
  2671 | D:2      | Killed Natasha
  2766 | D:2      | Noticed Natasha
  2768 | D:2      | Killed Natasha
  3323 | D:2      | Found a blossoming altar of Fedhas.
  3459 | D:3      | Learned a level 3 spell: Mephitic Cloud
  3711 | D:3      | Found a white marble altar of Elyvilon.
  4481 | D:3      | Found a glowing silver altar of Zin.
  4619 | D:4      | Reached XP level 5. HP: 35/35 MP: 2/9
  4876 | D:4      | Found a radiant altar of Vehumet.
  5116 | D:4      | Gained mutation: You are partially covered in large bone plates (AC +2, SH +2). [demonic ancestry]
  5116 | D:4      | Reached XP level 6. HP: 41/41 MP: 1/10
  5257 | D:4      | Found an ancient bone altar of Kikubaaqudgha.
  5437 | D:4      | Noticed an ogre
  5441 | D:4      | Noticed an ogre
  5452 | D:4      | Killed an ogre
  5452 | D:4      | Reached skill level 1 in Fighting
  5452 | D:4      | Reached skill level 1 in Air Magic
  5452 | D:4      | Reached skill level 1 in Poison Magic
  5508 | D:4      | Killed an ogre
  5639 | D:4      | Gained mutation: You are mostly covered in large bone plates (AC +3, SH +3). [demonic ancestry]
  5639 | D:4      | Reached XP level 7. HP: 48/48 MP: 7/11
  5737 | D:4      | Found a basalt altar of Yredelemnul.
  5775 | D:5      | Entered Level 5 of the Dungeon
  6250 | D:5      | Reached skill level 4 in Conjurations
  6350 | D:5      | Found a snail-covered altar of Cheibriados.
  6365 | D:5      | Found a blossoming altar of Fedhas.
  7115 | D:5      | Reached skill level 5 in Conjurations
  7115 | D:5      | Gained mutation: You have sharp fingernails. [demonic ancestry]
  7115 | D:5      | Reached XP level 8. HP: 53/56 MP: 3/12
  7630 | D:5      | Got a smoking cloak
  7648 | D:5      | Identified the +0 cloak of Follow the Leader {rN+ MP+9} (You found it on level 5 of the Dungeon)
  9291 | D:7      | Found Othatuot's Distillery.
  9302 | D:7      | Bought a potion of poison for 16 gold pieces
  9302 | D:7      | Bought a potion of heal wounds for 80 gold pieces
  9302 | D:7      | Bought a potion of agility for 64 gold pieces
  9302 | D:7      | Bought a potion of brilliance for 64 gold pieces
  9438 | D:7      | Found Atiyfocy's Armour Shoppe.
  9689 | D:7      | Slain by an ogre

Action                   |  1- 3 |  4- 6 |  7- 9 || total
-------------------------+-------+-------+-------++-------
Melee: Dagger            |     8 |       |       ||     8
       Unarmed           |     7 |       |       ||     7
       Short sword       |    19 |    15 |    48 ||    82
 Cast: Magic Dart        |    72 |   126 |   232 ||   430
       Repel Missiles    |     1 |     1 |       ||     2
       Mephitic Cloud    |       |     2 |     4 ||     6
Evoke: Wand              |       |       |     1 ||     1
  Use: Scroll            |     9 |     4 |     6 ||    19
       Potion            |     1 |       |     2 ||     3
 Stab: Sleeping          |     4 |       |     2 ||     6
       Distracted        |       |     1 |       ||     1
       Confused          |       |       |     1 ||     1
  Eat: Chunk             |     5 |     8 |     5 ||    18
       Fruit             |       |     2 |     6 ||     8
       Beef jerky        |       |       |     1 ||     1
